 Dungeon Crawl Stone Soup version 0.24.0-13-gcf9b3192b9 (webtiles) character file.

Game seed: 9313608493826013280, levelgen mode: deterministic

145 Mrkan the Chopper (level 5, 0/47 HPs)
             Began as a Hill Orc Fighter on Nov 8, 2019.
             Succumbed to an adder's poison
             ... on level 3 of the Dungeon.
             The game lasted 00:02:59 (2204 turns).

Mrkan the Chopper (Hill Orc Fighter)                Turns: 2204, Time: 00:02:59

Health: 0/47       AC:  9    Str: 24    XL:     5   Next: 27%
Magic:  5/5        EV:  7    Int:  8    God:
Gold:   148        SH: 10    Dex: 11    Spells: 4/4 levels left

rFire    . . .     SeeInvis .   a - +0 war axe
rCold    . . .     Gourm    .   c - +0 shield
rNeg     . . .     Faith    .   b - +0 scale mail
rPois    .         Spirit   .   j - +0 helmet
rElec    .         Reflect  .   (no cloak)
rCorr    .         Harm     .   p - +0 pair of gloves
MR       .....                  (no boots)
Stlth    ..........             (no amulet)
HPRegen  0.15/turn              (no ring)
MPRegen  0.09/turn              (no ring)

@: mighty, lethally poisoned (0 -> -1)
A: no striking features
a: no special abilities


You were on level 3 of the Dungeon.
You were not hungry.

You visited 1 branch of the dungeon, and saw 3 of its levels.

You collected 148 gold pieces.

Inventory:

Hand Weapons
 a - a +0 war axe (weapon)
Armour
 b - a +0 scale mail (worn)
 c - a +0 shield (worn)
 j - a +0 helmet (worn)
 p - a +0 pair of gloves (worn)
Scrolls
 e - 2 scrolls of amnesia {unknown}
 h - 6 scrolls of identify {unknown}
 i - a scroll of noise {unknown}
 k - a scroll of enchant weapon {unknown}
 l - a scroll of teleportation {unknown}
 q - a scroll of enchant armour {unknown}
 r - a scroll of remove curse {unknown}
Potions
 m - a potion of degeneration {unknown}
 n - a potion of curing {unknown}
 o - a potion of heal wounds {unknown}
Comestibles
 f - 2 rations


   Skills:
 + Level 4.5 Fighting
 * Level 4.9 Axes
 + Level 4.0 Armour
 + Level 4.1 Shields


You had 4 spell levels left.
You didn't know any spells.
Your spell library was empty.

Dungeon Overview and Level Annotations

Branches:
Dungeon (3/15)

Altars:
Vehumet


Message History

The gnoll is heavily wounded.
You hit the gnoll.
You feel sick. You block the gnoll's attack.
The gnoll hits you but does no damage. x2
You closely miss the gnoll.
The gnoll is heavily wounded.
You closely miss the gnoll. The gnoll hits you with a +0 club!
* * * LOW HITPOINT WARNING * * *
The gnoll closely misses you.
You barely miss the gnoll.
The gnoll is heavily wounded.
You hit the gnoll.
You kill the gnoll!
You feel sick. The gnoll hits you with a +0 club.
* * * LOW HITPOINT WARNING * * *
You block the gnoll's attack.
You feel very mighty all of a sudden. You block the gnoll's attack.
You slice the gnoll!!
You kill the gnoll!
You die...

.# .###
####...
#.....#
.....#
....#
#)).# #.#
# #@#.#
#<..#
#........
#.....###
##.##.#
.# ... .#
#.# .. .#
..


There were no monsters in sight!

Vanquished Creatures
  3 gnolls (D:3)
  6 adders
  3 oozes
  3 dart slugs
  An orc (D:3)
  A giant cockroach (D:2)
  2 goblins
  3 hobgoblins (D:2)
  8 jackals
  A ball python (D:1)
  4 bats
  2 frilled lizards
  3 kobolds
  6 rats
46 creatures vanquished.

Notes
Turn   | Place    | Note
-------+----------+-------------------------------------------
     0 | D:1      | Mrkan the Hill Orc Fighter began the quest for the Orb.
     0 | D:1      | Reached XP level 1. HP: 19/19 MP: 1/1
   232 | D:1      | Reached XP level 2. HP: 21/27 MP: 2/2
  1227 | D:2      | Reached XP level 3. HP: 28/33 MP: 3/3
  1647 | D:2      | Reached XP level 4. HP: 39/40 MP: 4/4
  2076 | D:2      | Found a radiant altar of Vehumet.
  2192 | D:3      | Reached XP level 5. HP: 37/47 MP: 5/5
  2201 | D:3      | HP: 1/47 [gnoll/+0 club (6)]
  2204 | D:3      | Succumbed to an adder's poison

Levels and vault maps discovered:
D:1:      tarquinn_simple_flora_water_f, layout_basic
D:2:      layout_basic, vehumet_crystals
D:3:      layout_loops_ring, lemuel_coloured_pillars_altar, first_ration,
          minivault_26, chequers_serial_rivers_room_a, serial_park_tiny_1,
          uniq_ijyb

Skill      XL: |  1  2  3  4  5 |
---------------+----------------+-----
Axes           | 3 4 |  4.9
Fighting       | 4 |  4.5
Shields        | 4 |  4.1
Armour         | 4 |  4.0

Action                   |  1- 3 |  4- 6 || total
-------------------------+-------+-------++-------
Melee: War axe           |    66 |    70 ||   136
  Use: Potion            |       |     1 ||     1
  Eat: Chunk             |     2 |     2 ||     4
Armor: Scale mail        |    29 |    53 ||    82
Dodge: Dodged            |    14 |    35 ||    49
Block: Shield            |    32 |    48 ||    80
